 Dungeon Crawl Stone Soup version 0.30-a0-924-g0ad0bf95bc (webtiles) character file.

Game seed: 458614717772368671

786 lunkers the Basher (level 8, -14/51 (63) HPs)
             Began as a Meteoran Reaver on Mar 23, 2023.
             Was a Believer of Ashenzari.
             Demolished by an ogre
             ... wielding a +0 giant club
              (34 damage)
             ... on level 6 of the Dungeon.
             The game lasted 00:07:57 (2052 turns).

lunkers the Basher (Meteoran Reaver)                Turns: 2052, Time: 00:07:58

HP:   -14/51 (63)   AC: 10    Str: 20    XL:     8   Next: 33%
MP:   13/13         EV: 12    Int: 14    God:    Ashenzari [**....]
Gold: 188           SH:  0    Dex: 12    Spells: 11/12 levels left

rFire   . . .      SeeInvis +    a - +0 mace
rCold   . . .      Faith    .    (no shield)
rNeg    . . .      Spirit   .    p - +0 ring mail
rPois   .          Reflect  .    (no helmet)
rElec   .          Rampage  .    g - +0 cloak of Toth-Mos's Legacy {Comp, Evo} (curse)
rCorr   .                        t - +1 pair of gloves {Str+3}
Will    +....                    h - +1 pair of boots "Astral Restlessness" {Evo, Comp} (curse)
Stlth   +                        (no amulet)
HPRegen 0.28/turn                f - ring of Ashenzari's Prison {Slay+4, Elem, Melee} (curse)
MPRegen 0.13/turn                (no ring)

@: glowing, heavily drained
A: sense surroundings 1, otherworldly, glowing, explore regen
a: Renounce Religion, Shatter the Chains


You were on level 6 of the Dungeon.
You worshipped Ashenzari.
Ashenzari was pleased with you.
You visited 1 branch of the dungeon, and saw 6 of its levels.

You collected 188 gold pieces.

Inventory:

Hand Weapons
 a - a +0 mace (weapon)
 s - a +2 falchion of holy wrath
Missiles
 b - a throwing net
Armour
 g - the cursed +0 cloak of Toth-Mos's Legacy (worn) {Comp, Evo}
   (You found it on level 2 of the Dungeon)

   It has a curse which improves the following skills: Companions: Summonings
   and Necromancy.
   Evocations: Evocations.
 h - the cursed +1 pair of boots "Astral Restlessness" (worn) {Evo, Comp}
   (You found it on level 2 of the Dungeon)

   It has a curse which improves the following skills: Evocations: Evocations.
   Companions: Summonings and Necromancy.
 p - a +0 ring mail (worn)
 t - a +1 pair of gloves of strength (worn)
Jewellery
 f - the cursed ring of Ashenzari's Prison (left hand) {Slay+4, Elem, Melee}
   (You found it on level 2 of the Dungeon)

   [ring of slaying]

   Slay:      It affects your accuracy & damage with ranged weapons and melee
   (+4).
   It has a curse which improves the following skills: Elements: Fire Magic, Ice
   Magic, Air Magic and Earth Magic.
   Melee Combat: Short Blades, Long Blades, Axes, Maces & Flails, Polearms,
   Staves and Unarmed Combat.
Wands
 r - a wand of charming (7)
Scrolls
 c - a scroll of vulnerability
 d - 2 scrolls of identify
 e - a scroll of magic mapping
 j - a scroll of teleportation
 q - a scroll of fog
Potions
 k - a potion of might
 l - a potion of brilliance
 m - a potion of lignification
 n - 2 potions of curing
 o - 3 potions of heal wounds


   Skills:
 + Level 3.2 Fighting
 + Level 10.6(11.7) Maces & Flails
 + Level 2.4 Armour
 + Level 3.5 Dodging
 - Level 2.6 Spellcasting
 - Level 3.6 Conjurations


You had 11 spell levels left.
You knew the following spells:

 Your Spells              Type           Power      Damage    Failure   Level
p - Kiss of Death         Conj/Necr      28%        2d7       17%         1

Your spell library contained the following spells:

 Spells                   Type           Power      Damage    Failure   Level
 Magic Dart               Conj           48%        1d5       9%          1
 Momentum Strike          Conj/Tloc      12%        3d8       26%         2
 Call Imp                 Summ           2%         N/A       45%         2
 Hailstorm                Conj/Ice       7%         3d4       45%         3
 Mephitic Cloud           Conj/Pois/Air  5%         N/A       56%         3


Dungeon Overview and Level Annotations

Branches:
Dungeon (6/15) Zot: 1546
 Temple: D:4-7

Altars:
Ashenzari
Cheibriados

Shops:
D:3 (

Annotations:
D:3 2 transporters, osoart's ghost, amateur DjSu
D:5 Grinder


Innate Abilities, Weirdness & Mutations

You passively map a small area around you.
You are easily found by Zot.
You glow in the dark.
You regain HP and MP as you explore.


Message History

You thump the wight!
The wight is almost destroyed.
The wight hits you with a +4 spear.
* * * LOW HITPOINT WARNING * * *
You sock the wight!
You destroy the wight!
Things that are here:
a +4 spear; a +0 robe
Found a book of Minor Magic.
There are no items here.
An ogre comes into view. It is wielding a +0 giant club.
Found a +0 hand axe.
The ogre shouts!
You hear an angry hiss.
You see here a potion of curing.
n - 2 potions of curing (gained 1)
Things that are here:
a +4 spear; a +0 robe
Items here: )) ? [[.
Okay, then.
You hit the ogre.
The ogre is lightly wounded.
The ogre closely misses you.
You hit the ogre.
The ogre is moderately wounded.
You barely miss the ogre.
The ogre is moderately wounded.
The ogre hits you with a +0 giant club!
* * * LOW HITPOINT WARNING * * *
You closely miss the ogre.
The ogre is moderately wounded.
You hit the ogre.
The ogre is moderately wounded.
The ogre barely misses you.
You hit the ogre.
The ogre is heavily wounded.
You hit the ogre.
The ogre is severely wounded.
The ogre hits you with a +0 giant club!!
Ouch! That really hurt!
You die...

#.######?# #. * * , * #.#
##[.#####. , ** ###
#.####......... , ,,..#
#.#.+...⌠..<..⌠ , #.#
#.#.##......... , , #.#
#....##..#####. * ####.#
#.....##.#* #. * *
...###....#####.^...##+#*
#+
#..........O@..........
>,,
###....########.........
, ....#:) #.###..#.. ,
.##....* #.#$#..# # *,
...#. #.###...., , *
#...#.* #......## * ,,,
#... .. ####...# , #..#
.#* #### ,,


You could see an ogre.

Vanquished Creatures
  An ogre (D:6)
  A phantom (D:3)
  A bullfrog (D:6)
  3 wights (D:6)
  2 hounds (D:5)
  An orc priest (D:3)
  2 jellies
  4 iguanas
  3 gnolls
  4 adders
  A white imp (D:6)
  An ufetubus (D:6)
  3 dart slugs
  4 orcs
  6 ball pythons
  6 bats
  11 endoplasms
  A giant cockroach (D:2)
  2 goblins
  2 hobgoblins
  4 kobolds
  4 quokkas
  4 frilled lizards
  7 rats
78 creatures vanquished.

Notes
Turn   | Place    | Note
-------+----------+-------------------------------------------
     0 | D:1      | lunkers the Meteoran Reaver began the quest for the Orb.
     0 | D:1      | Reached XP level 1. HP: 17/17 MP: 5/5
    24 | D:1      | Reached XP level 2. HP: 24/24 MP: 6/6
    85 | D:1      | Reached skill level 5 in Maces & Flails
   275 | D:2      | Reached XP level 3. HP: 26/29 MP: 8/8
   517 | D:2      | Reached XP level 4. HP: 36/36 MP: 9/9
   575 | D:2      | Reached skill level 6 in Maces & Flails
   607 | D:3      | Found a broken altar of Ashenzari.
   615 | D:3      | Became a worshipper of Ashenzari the Shackled
   624 | D:3      | Noticed a phantom
   646 | D:3      | Killed a phantom
   647 | D:3      | Reached skill level 7 in Maces & Flails
   647 | D:3      | Reached XP level 5. HP: 20/41 MP: 10/10
   768 | D:3      | Found a snail-covered altar of Cheibriados.
   781 | D:3      | Reached XP level 6. HP: 26/48 MP: 11/11
   785 | D:3      | Reached skill level 8 in Maces & Flails
   912 | D:3      | Found a transporter.
   912 | D:3      | Noticed osoart's ghost (amateur DjSu)
   915 | D:3      | Found a transporter.
  1131 | D:3      | Found Fygaur's Weapon Emporium.
  1454 | D:4      | Reached skill level 9 in Maces & Flails
  1508 | D:4      | Reached * piety under Ashenzari
  1521 | D:5      | Entered Level 5 of the Dungeon
  1608 | D:5      | Noticed Grinder
  1636 | D:4      | Reached XP level 7. HP: 17/47 MP: 12/12
  1875 | D:5      | Reached skill level 10 in Maces & Flails
  1902 | D:5      | Reached ** piety under Ashenzari
  1944 | D:6      | Reached skill level 1 in Armour
  1949 | D:6      | Reached XP level 8. HP: 20/52 MP: 13/13
  2052 | D:6      | Demolished by an ogre

Illustrated notes

Levels and vault maps discovered:
D:1:      spicycebolla_green_bress_n_ham, layout_basic
D:2:      layout_basic
D:3:      minmay_evil_eye, layout_rooms, cheibrodos_ashenzari_chains,
          lemuel_round_altar, gammafunk_ghost_mausoleum, serial_shops,
          nicolae_shop_advertising_works [nicolae_subvault_shop_adworks],
          hex_large, patterned_corridor
D:4:      layout_basic, nicolae_elevator_lobby_plus
D:5:      layout_layer_cave, okawaru_ov_weapons_minmay, uniq_grinder
D:6:      layout_basic, tgw_trog, minmay_temple_entry_slanted,
          grunt_ministairs_15, item_on_display_a

Skill      XL: |  1  2  3  4  5  6  7  8 |
---------------+-------------------------+-----
Maces & Flails | 5 7 9 10 | 10.6
Armour         | 1 2 |  2.4
Dodging        | 3 |  3.5
Fighting       | 3 |  3.2
Spellcasting   | |  2.6
Conjurations   | |  3.6

Action                     |  1- 3 |  4- 6 |  7- 9 || total
---------------------------+-------+-------+-------++-------
  Melee: Mace              |    68 |   159 |    69 ||   296
         Punch             |     1 |     2 |       ||     3
   Cast: Kiss of Death     |       |     2 |     3 ||     5
 Invoke: Curse Item        |       |     2 |     1 ||     3
 Armour: Leather armour    |    28 |    58 |       ||    86
         Ring mail         |       |       |    16 ||    16
  Dodge: Dodged            |    40 |    97 |    21 ||   158

Table legend: (Time is in decaauts)
 A = Elapsed time spent in this place.
 B = Non-inter-level travel time spent in this place.
 C = Inter-level travel time spent in this place.
 D = Time resting spent in this place.
 E = Time spent auto-exploring this place.
 F = Levels seen in this place.
 G = Mean time per level.
                   A        B        C        D        E       F      G
               +--------+--------+--------+--------+--------+-----+--------+
         Total |   2053 |   1960 |     93 |      0 |   1209 |   6 |  342.2 |
       Dungeon |   2053 |   1960 |     93 |      0 |   1209 |   6 |  342.2 |
               +--------+--------+--------+--------+--------+-----+--------+

Top non-repeatable levels by time:
     D:3: 565 daAuts
     D:4: 434 daAuts
     D:2: 333 daAuts
     D:5: 328 daAuts
     D:1: 274 daAuts
     D:6: 118 daAuts
